AoeStats
← Barón de la Cerveza

Arena

507163842Analyzed
1v1 RM · 16d ago on Sep 16, 2026· 28m 52s· 2 players
Game mode
Random Map
Map size
Tiny (2 player)
Population
200
Speed
Normal
Resources
Standard
Victory
Conquest
Starting age
Dark Age
Ending age
Imperial Age
RankedLock teamsTeams togetherTeam positionsShared explorationLock speedFull tech treeHidden civsTurbo modeCheats
Victory
Defeat
🇲🇽 Franks · Mexico
1826
+19
🇲🇦 Malay · Morocco
1884
-19
Barón de la Cerveza
10:01 Feudal Age
13:40 Castle Age
11:56 Double-Bit Axe
14:31 Bow Saw
20:11 Loom
28:45 Imperial Age
26:10 Gold Mining
26:10 Stone Mining
26:45 Stone Mining
28:30 Wheelbarrow
28:04 Scale Mail Armor
29:21 Forging
Desert_Prince
12:08 Feudal Age
15:13 Castle Age
13:17 Double-Bit Axe
13:56 Stone Mining
14:00 Loom
15:01 Bow Saw
20:25 Horse Collar
23:34 Forging
27:24 Iron Casting
Connection lost

Rejoining the realm…

Still unreachable

The connection could not be restored.

Session expired

The server has moved on; the page needs a fresh start.